 Dungeon Crawl Stone Soup version 0.17-a0-1020-ge683cc4 (webtiles) character file.

162 Ngotmuk the Shield-Bearer (level 5, -1/50 HPs)
             Began as a Deep Dwarf Fighter on May 17, 2015.
             Succumbed to Sigmund's poison
             ... on level 3 of the Dungeon.
             The game lasted 00:04:30 (1630 turns).

Ngotmuk the Shield-Bearer (Deep Dwarf Fighter)      Turns: 1630, Time: 00:04:31

Health: -1/50      AC: 12    Str: 20    XL:     5   Next: 19%
Magic:  5/5        EV:  3    Int:  9    God:
Gold:   64         SH:  9    Dex: 12    Spells: 0 memorised, 4 levels left

rFire  . . .     SeeInvis .     a - +0 war axe
rCold  . . .     Clarity  .     v - +0 plate armour
rNeg   . . .     SustAb   .     c - +0 shield
rPois  .         Gourm    .     n - +0 helmet
rElec  .         Spirit   .     (no cloak)
rCorr  .         Warding  .     (no gloves)
rMut   .         Stasis   .     (no boots)
MR     .....                    (no amulet)
Stlth  ..........               j - ring of teleport control
                                w - ring of loudness (curse)

@: lethally poisoned (-1 -> -9), non-regenerating, not resistant to hostile
enchantments, extremely unstealthy
A: damage resistance, recharge devices, sense surroundings 1, slow healing 3
a: Device Recharging, Evoke Teleport Control


You were on level 3 of the Dungeon.
You were not hungry.

You visited 1 branch of the dungeon, and saw 3 of its levels.

You collected 64 gold pieces.

Inventory:

Hand weapons
 a - a +0 war axe (weapon)
Armour
 c - a +0 shield (worn)
 n - a +0 helmet (worn)
 v - a +0 plate armour (worn)
Jewellery
 j - a ring of teleport control (right hand)
 m - a +4 ring of intelligence
 w - a cursed ring of loudness (left hand)
Magical devices
 e - a wand of heal wounds (3)
Scrolls
 b - a scroll of enchant armour {unknown}
 f - a scroll of recharging {unknown}
 g - 2 scrolls of identify {unknown}
 h - 4 scrolls of remove curse {unknown}
 k - 2 scrolls of immolation {unknown}
 q - a scroll of fog {unknown}
 t - a scroll of teleportation {unknown}
Potions
 d - a potion of might
 i - a potion of heal wounds {unknown}
 l - a potion of resistance {unknown}
 p - a potion of curing {unknown}
 u - a potion of lignification {unknown}
Comestibles
 o - a slice of pizza
 r - a bread ration
 s - a beef jerky


   Skills:
 * Level 3.9 Fighting
 * Level 3.6 Axes
 + Level 4.0 Armour
 + Level 4.1 Shields


You had 4 spell levels left.
You didn't know any spells.

Dungeon Overview and Level Annotations

Branches:
Dungeon (3/15)

Altars:
Cheibriados
Okawaru
Trog

Annotations:
D:3 Sigmund


Innate Abilities, Weirdness & Mutations

You are resistant to damage.
You can recharge devices by infusing magical energy.
You passively map a small area around you.
You do not heal naturally.


Message History

You are lethally poisoned!
You closely miss Sigmund.
Sigmund is moderately wounded.
* * * LOW HITPOINT WARNING * * *
You feel very sick. You block Sigmund's attack.
You barely miss Sigmund.
Sigmund is moderately wounded.
* * * LOW HITPOINT WARNING * * *
You feel very sick. Sigmund gestures at you while chanting.
The magic dart hits you!
You slash Sigmund!
Sigmund is severely wounded.
* * * LOW HITPOINT WARNING * * *
You feel very sick. Sigmund hits you but does no damage.
Your shield and plate armour prevent you from hitting Sigmund.
Sigmund is severely wounded.
You die...

,...# * *#... ,, ,
,*#.:# *** * *
#..## , # #... * *
##### #.##..# * ,
, ###...# #.....#
, ......#
####.######.# ,,
###...#
#####.@......# *
##..#
#.....@####### *
##.# #.#.#..#
#####.#####..#...#
*
#.........#.###..#
, #.###.###..##
##.# * * #.# #.#.#
..# ,, , , #.#
#.#..# ..# , ...
....... .. *


You could see Sigmund.

Vanquished Creatures
  Ijyb (D:2)
  Robin (D:2)
  6 adders (D:2)
  An ooze (D:1)
  2 worms (D:2)
  7 giant geckos
  A giant cockroach (D:1)
  9 hobgoblins
  A jackal (D:2)
  12 kobolds
  A quokka (D:2)
  3 bats (D:2)
  10 goblins
  6 rats
  A bush (D:2)
  A plant (D:2)
63 creatures vanquished.

Notes
Turn   | Place    | Note
--------------------------------------------------------------
     0 | D:1      | Ngotmuk the Deep Dwarf Fighter began the quest for the Orb.
     0 | D:1      | Reached XP level 1. HP: 20/20 MP: 1/1
   157 | D:1      | Reached XP level 2. HP: 25/27 MP: 2/2
   473 | D:2      | Reached XP level 3. HP: 27/34 MP: 3/3
   611 | D:2      | Reached XP level 4. HP: 9/42 MP: 4/4
   625 | D:2      | Found an iron altar of Okawaru.
   741 | D:2      | HP: 2/42 [giant gecko (2)]
   792 | D:2      | Noticed Ijyb
   800 | D:2      | Killed Ijyb
   800 | D:2      | Reached skill level 4 in Shields
   828 | D:2      | Noticed Robin
   839 | D:2      | Killed Robin
   872 | D:2      | Found a snail-covered altar of Cheibriados.
   872 | D:2      | Found a bloodstained altar of Trog.
   916 | D:2      | Reached XP level 5. HP: 19/50 MP: 5/5
  1614 | D:3      | Noticed Sigmund
  1630 | D:3      | Succumbed to Sigmund's poison

Vault maps used:
D:1:      dpeg_arrival_round_b
D:2:      okawaru_ov_weapons_minmay, gammafunk_temple_overflow_wave,
          first_bread, lexackson_kobold_supper, uniq_iyjb, uniq_robin
D:3:      hex_large, hangedman_decor_diamond_cutter, kennysheep_generic_room_8,
          uniq_jessica, uniq_sigmund, uniq_grinder

Action                   |  1- 3 |  4- 6 || total
-------------------------+-------+-------++-------
Melee: War axe           |    97 |   173 ||   270
Evoke: Wand              |       |     2 ||     2
  Eat: Bread ration      |       |     1 ||     1
